 Dungeon Crawl Stone Soup version 0.30-a0-840-ga523dec638 (webtiles) character file.

Game seed: 12432471864047359733

182 Dittersdorf the Covered (level 5, 0/34 HPs)
             Began as a Gargoyle Fighter on Mar 1, 2023.
             Slain by an orc
             ... wielding a +0 club
              (1 damage)
             ... on level 4 of the Dungeon.
             The game lasted 00:03:26 (2631 turns).

Dittersdorf the Covered (Gargoyle Fighter)          Turns: 2631, Time: 00:03:26

Health: 0/34       AC: 14    Str: 22    XL:     5   Next: 62%
Magic:  5/5        EV:  7    Int:  8    God:
Gold:   122        SH:  0    Dex:  9    Spells: 4/4 levels left

rFire   . . .      SeeInvis .    a - +0 flail
rCold   + . .      Faith    .    c - +0 buckler
rNeg    + . .      Spirit   .    k - +0 chain mail
rPois   ∞          Reflect  .    g - +1 hat
rElec   +          Harm     .    (no cloak)
rCorr   .          Rampage  .    (no gloves)
Will    .....                    (no boots) Stlth
                                 (no amulet)
HPRegen 0.25/turn                v - ring of protection from cold
MPRegen 0.09/turn                (no ring)

@: confused
A: sickness immunity, AC +4, negative energy resistance 1, electricity
resistance, torment resistance 1, petrification resistance
a: no special abilities


You were on level 4 of the Dungeon.
You visited 1 branch of the dungeon, and saw 4 of its levels.

You collected 122 gold pieces.

Inventory:

Hand Weapons
 a - a +0 flail (weapon)
Armour
 c - a +0 buckler (worn)
 g - a +1 hat (worn)
 k - a +0 chain mail (worn)
Jewellery
 v - a ring of protection from cold (left hand)
Wands
 r - a wand of acid (10)
Scrolls
 e - a scroll of magic mapping {unknown}
 h - a scroll of teleportation
 i - a scroll of poison
 l - 2 scrolls of enchant weapon
 n - a scroll of noise {unknown}
 o - a scroll of enchant armour {unknown}
 q - 4 scrolls of silence {unknown}
 u - a scroll of blinking {unknown}
 w - a scroll of identify
Potions
 b - a potion of cancellation
 d - a potion of might
 f - 2 potions of curing
 j - a potion of ambrosia
 m - 2 potions of attraction {unknown}
 p - a potion of flight {unknown}
 s - 2 potions of degeneration {unknown}
 t - a potion of magic


   Skills:
 + Level 4.3 Fighting
 + Level 3.3 Maces & Flails
 + Level 4.3 Armour
 + Level 4.3 Shields


You had 4 spell levels left.
You didn't know any spells.
Your spell library contained the following spells:

 Spells                   Type           Power      Damage    Failure   Level
 Apportation              Tloc           0%         N/A       99%         1
 Ignite Poison            Fire/Tmut/Pois 0%         N/A       100%        3
 Leda's Liquefaction      Hex/Erth       0%         N/A       100%        4
 Petrify                  Tmut/Erth      0%         N/A       100%        4
 Sticky Flame             Conj/Fire      0%         2d3       100%        4
 Alistair's Intoxication  Tmut/Pois      0%         N/A       100%        5
 Irradiate                Conj/Tmut      0%         3d11      100%        5
 Lee's Rapid Deconstruct  Erth           0%         3d4*      100%        5
 Ignition                 Fire           0%         3d3       100%        8
 Sublimation of Blood     Necr           Unusable   N/A       N/A         2
 Statue Form              Tmut/Erth      Unusable   N/A       N/A         6

Dungeon Overview and Level Annotations

Branches:
Dungeon (4/15)
 Temple: D:4-7

Altars:
Vehumet

Shops:
D:1 (

Annotations:
D:3 1 runed translucent door, Crazy Yiuf


Innate Abilities, Weirdness & Mutations

You are immune to sickness and miasma.
Your stone body is resilient. (AC +4)
You are immune to poison.
You resist negative energy. (rN+)
You are resistant to electric shocks. (rElec)
You are resistant to unholy torment.
You are immune to petrification.


Message History

The orc hits you with a +0 club.
You are too confused!
You are too confused!
You are too confused!
You are too confused!
You are too confused!
You are too confused!
You are too confused!
You are too confused!
You are too confused!
You are too confused!
You are too confused!
You are too confused!
You are too confused!
You are too confused!
You are too confused!
You are too confused!
You bump into the rock wall.
The orc hits you with a +0 club. The orc hits you but does no damage. x2
The orc priest invokes the aid of Beogh against you.
Pain shoots through your body!
You hear some strange, mumbled words.
A puff of flame appears from out of thin air!
The puff of flame hits you.
You closely miss the orc. The orc barely misses you.
The orc hits you with a +0 flail. The orc misses you.
The orc priest hits you but does no damage.
Something hits you but does no damage.
You barely miss the orc. The orc hits you with a +0 flail.
* * * LOW HITPOINT WARNING * * *
The orc barely misses you.
The orc priest hits you but does no damage.
Something hits you but does no damage. The orc barely misses you.
The orc hits you with a +0 hand axe.
* * * LOW HITPOINT WARNING * * *
The orc priest looks satisfied for a moment.
The orc hits you with a +0 flail.
* * * LOW HITPOINT WARNING * * *
Something hits you but does no damage. The orc hits you with a +0 club.
You die...

#...#.#.# #
#...#...#.#
#...#<....#.#
####............
#......#.......#
###.###.##....#...
+.....$.......# ##
###.###o###...#
......{@o.#...#
.##.###oo.....#
........#
..........
####w..##.# .... #
>...# ##.##


You could see a worm, an orc priest and 3 orcs.

Vanquished Creatures
  Terence (D:2)
  An orc wizard (D:3)
  4 gnolls
  2 adders
  A worm (D:2)
  A dart slug (D:1)
  4 orcs (D:3)
  6 ball pythons
  6 endoplasms
  A giant cockroach (D:2)
  3 goblins
  5 hobgoblins
  8 jackals
  A quokka (D:1)
  8 bats
  3 frilled lizards (D:1)
  7 kobolds
  6 rats
68 creatures vanquished.

Notes
Turn   | Place    | Note
-------+----------+-------------------------------------------
     0 | D:1      | Dittersdorf the Gargoyle Fighter began the quest for the
                  | Orb.
     0 | D:1      | Reached XP level 1. HP: 14/14 MP: 1/1
   156 | D:1      | Reached XP level 2. HP: 17/19 MP: 2/2
   503 | D:1      | Found Ynomedun's Antique Weapon Shop.
   790 | D:1      | Reached XP level 3. HP: 23/23 MP: 3/3
  1278 | D:1      | Reached XP level 4. HP: 26/29 MP: 4/4
  1522 | D:2      | Found a faded altar of an unknown god.
  1632 | D:2      | Noticed Terence
  1643 | D:2      | Killed Terence
  1644 | D:2      | Reached XP level 5. HP: 33/33 MP: 5/5
  2080 | D:3      | Found a radiant altar of Vehumet.
  2161 | D:3      | Found a runed translucent door.
  2162 | D:3      | Noticed Crazy Yiuf
  2631 | D:4      | HP: 1/34 [orc/+0 flail (4)]
  2631 | D:4      | Slain by an orc

Illustrated notes

Levels and vault maps discovered:
D:1:      dpeg_arrival_more_subterranean_lakeside_camping, layout_basic,
          serial_shops, nicolae_square_shop, minmay_heptomino_w4
D:2:      layout_rooms, hellmonk_ecumenical_altar_leap_of_faith, uniq_terence
D:3:      layout_loops_ring, mainiacjoe_overflow_cross_hatched,
          uniq_crazy_yiuf_cottage
D:4:      cheibrodos_fertilizer, layout_basic, temple_green,
          chequers_mini_garden, uniq_menkaure

Skill      XL: |  1  2  3  4 |
---------------+-------------+-----
Armour         | 4 |  4.3
Fighting       | 4 |  4.3
Shields        | 4 |  4.3
Maces & Flails | 3 |  3.3

Action                     |  1- 3 |  4- 6 || total
---------------------------+-------+-------++-------
  Melee: Flail             |   112 |   136 ||   248
    Use: Scroll            |       |     7 ||     7
 Armour: Scale mail        |    62 |       ||    62
         Chain mail        |    27 |   111 ||   138
  Dodge: Dodged            |    53 |    56 ||   109
  Block: Buckler           |    19 |    32 ||    51

Table legend: (Time is in decaauts)
 A = Elapsed time spent in this place.
 B = Non-inter-level travel time spent in this place.
 C = Inter-level travel time spent in this place.
 D = Time resting spent in this place.
 E = Time spent auto-exploring this place.
 F = Levels seen in this place.
 G = Mean time per level.
                   A        B        C        D        E       F      G
               +--------+--------+--------+--------+--------+-----+--------+
         Total |   2710 |   2591 |    119 |    178 |   1779 |   4 |  677.5 |
       Dungeon |   2710 |   2591 |    119 |    178 |   1779 |   4 |  677.5 |
               +--------+--------+--------+--------+--------+-----+--------+

Top non-repeatable levels by time:
     D:1: 1241 daAuts
     D:3: 797 daAuts
     D:2: 652 daAuts
     D:4: 18 daAuts
